 Dungeon Crawl Stone Soup version 0.29.1-1-gd02db6906a (webtiles) character file.

Game seed: 16035203612679798471

8827 Ashen the Frost Mage (level 11, 86/86 HPs)
             Began as a Demonspawn Ice Elementalist on Sept 15, 2022.
             Was an Elder of Vehumet.
             Got out of the dungeon alive.
             The game lasted 00:28:10 (10904 turns).

Ashen the Frost Mage (Demonspawn Ice Elementalist) Turns: 10904, Time: 00:28:11

Health: 86/86      AC: 15    Str:  8    XL:     11   Next: 15%
Magic:  22/22      EV: 23    Int: 26    God:    Vehumet [****..]
Gold:   374        SH:  4    Dex: 15    Spells: 3/25 levels left

rFire   . . .      SeeInvis +   q - +8 mace of True Grit {protect, rN+ Will- Int+6}
rCold   . . .      Faith    .   (no shield)
rNeg    + . .      Spirit   .   r - +0 steam dragon scales
rPois   .          Reflect  .   u - +1 helmet {SInv}
rElec   .          Harm     .   d - +0 cloak
rCorr   .          Rampage  .   (no gloves)
Will    .....                   G - +2 pair of boots {Stlth+}
Stlth   ++++......              (no amulet)
HPRegen 0.24/turn               f - +4 ring of evasion
MPRegen 0.18/turn               p - +4 ring of protection

@: no status effects
A: claws 2, repulsion field 2, demonic guardian 2, condensation shield
a: Renounce Religion


You escaped.
You worshipped Vehumet.
Vehumet was greatly pleased with you.
You visited 2 branches of the dungeon, and saw 9 of its levels.
You also visited: Ossuary.

You collected 500 gold pieces.
You spent 126 gold pieces at shops.

Inventory:

Hand Weapons
 q - the +8 mace of True Grit (weapon) {protect, rN+ Will- Int+6}
   (You found it on level 3 of the Dungeon)

   It grants its wielder temporary protection when it strikes (+7 to AC).
   Int:       It affects your intelligence (+6).
   rN:        It protects you from negative energy.
   Will:      It decreases your willpower.
Missiles
 h - 5 javelins
Armour
 d - a +0 cloak (worn)
 r - +0 steam dragon scales (worn)
 u - a +1 helmet of see invisible (worn)
 G - a +2 pair of boots of stealth (worn)
Jewellery
 a - a ring of resist corrosion
 f - a +4 ring of evasion (left claw)
 p - a +4 ring of protection (right claw)
Wands
 m - a wand of polymorph (14)
 v - a wand of charming (5)
 D - a wand of flame (17)
 L - a wand of light (2)
Scrolls
 c - 3 scrolls of blinking
 e - 4 scrolls of fear
 g - 5 scrolls of teleportation
 k - 4 scrolls of immolation
 o - 2 scrolls of poison
 w - a scroll of enchant weapon {unknown}
 y - 3 scrolls of magic mapping
 z - a scroll of amnesia {unknown}
 A - a scroll of vulnerability
 B - a scroll of summoning {unknown}
 H - a scroll of noise {unknown}
 J - a scroll of torment {unknown}
 K - a scroll of acquirement {unknown}
Potions
 b - a potion of magic
 i - 4 potions of might
 j - 2 potions of curing
 l - 3 potions of haste
 n - 2 potions of brilliance
 s - 2 potions of heal wounds
 t - 2 potions of cancellation
 x - 2 potions of flight
 C - 3 potions of invisibility
 E - 3 potions of berserk rage
 F - a potion of ambrosia
 I - a potion of attraction


   Skills:
 + Level 8.2 Fighting
 + Level 7.8 Dodging
 - Level 5.0 Stealth
 + Level 7.9 Spellcasting
 + Level 1.5 Conjurations
 + Level 1.8 Necromancy
 + Level 8.5 Ice Magic


You had 3 spell levels left.
You knew the following spells:

 Your Spells              Type           Power      Damage    Failure   Level
a - Freeze                Ice            100%       1d11      1%          1
b - Frozen Ramparts       Ice            100%       1d16      1%          3
c - Ozocubu's Armour      Ice            53%        N/A       1%          3
d - Hailstorm             Conj/Ice       36%        3d9       1%          4
e - Freezing Cloud        Conj/Ice/Air   13%        6-21      11%         5
f - Simulacrum            Ice/Necr       18%        N/A       71%         6

Your spell library contained the following spells:

 Spells                   Type           Power      Damage    Failure   Level
 Lee's Rapid Deconstruct  Erth           5%         3d7*      36%         5
 Static Discharge         Conj/Air       14%        3-5/arc   1%          2
 Inner Flame              Hex/Fire       10%        N/A       4%          3
 Sticky Flame             Conj/Fire      14%        2d4       11%         4
 Animate Dead             Necr           19%        N/A       26%         4
 Dispel Undead            Necr           19%        3d11      26%         4
 Metabolic Englaciation   Hex/Ice        16%        N/A       26%         5
 Lightning Bolt           Conj/Air       7%         1d19      28%         5
 Cause Fear               Hex            5%         N/A       50%         4
 Haunt                    Necr/Summ      7%         N/A       100%        7
 Discord                  Hex            5%         N/A       100%        8
 Infestation              Necr           9%         N/A       100%        8
 Maxwell's Capacitive Co  Air            5%         ∞         100%        8
 Polar Vortex             Ice            26%        N/A       100%        9


Dungeon Overview and Level Annotations

Branches:
Dungeon (8/15)             Temple (1/1) D:5            Lair (0/5) D:8
Ossuary (visited)

Altars:
Ashenzari
Cheibriados
Dithmenos
Fedhas
Gozag
Hepliaklqana
Kikubaaqudgha
Makhleb
Nemelex Xobeh
Okawaru
Ru
Sif Muna
Trog
Uskayaw
Vehumet
Wu Jian
Xom
Yredelemnul

Shops:
D:4 [:   D:6 [


Innate Abilities, Weirdness & Mutations

You have very sharp fingernails.
You are surrounded by a moderate repulsion field. (EV +3)
A demonic guardian rushes to your aid.
A meltable shield of frost defends you. (SH +4)


Message History

The bullfrog is heavily wounded.
The bullfrog misses you. The bullfrog closely misses you.
You hit the bullfrog.
Your weapon exudes an aura of protection.
The bullfrog is severely wounded.
The bullfrog hits you but does no damage.
The bullfrog completely misses you.
You hit the bullfrog.
The bullfrog is almost dead.
The bullfrog barely misses you. The bullfrog completely misses you.
You sock the bullfrog!
You kill the bullfrog!
Vehumet accepts your kill.
No target in view!
(D) Dungeon (T) Temple (L) Lair
Where to? (Enter - D:1, ? - help)
There is a stone staircase leading up here.
You climb upwards.
There is a stone staircase leading down here.
There is an escape hatch in the ceiling, spattered with blood here.
A mysterious force pulls you upwards. The hatch slams shut behind you.
There is a stone staircase leading up here.
You climb upwards.
There is a stone staircase leading down here.
You see here a +0 giant spiked club.
There is a stone staircase leading up here.
You climb upwards.
There is a stone staircase leading down here.
There is a stone staircase leading up here.
You climb upwards.
There is a stone staircase leading down here.
There is a stone staircase leading up here.
You climb upwards.
There is a stone staircase leading down here.
You can't go up here!
You enter the shallow water.
Moving in this stuff is going to be slow.
There is a staircase leading out of the dungeon here.
Are you sure you want to leave the Dungeon?
This will make you lose the game!
You have escaped!

...####.##...##
##..## #...
........####..#
######..## ###.
...######
###.###......## ##
...# ##.#.#.#.#.#.##
# ####
#.#.#.#.#.#.#.# ###
##.#.~~~~~.#.## #..
#.#.#≈...≈#.#)# #..
##.#.≈...≈.#.## #..
#.#.#≈.@.≈#.#.# ###
#### ##.#.≈≈≈≈≈.#.##
...# #.#.#.#.#.#.#.#
###### ...#
#####.#)#.#.#.#.##
#..... ...#
#....############
#.#### ...# #....#
#.....# #.# #. ...#
##....###.###.#
#.###.
...###.............#
#.#...
.....#.)...###.#####
#.#.##


There were no monsters in sight!

Vanquished Creatures
  An unseen horror (D:7)
  4 komodo dragons (D:8)
  A hornet (D:7)
  A slime creature (D:7)
  Sigmund (D:5)
  A vampire (D:7)
  2 wyverns
  2 wraiths (D:7)
  2 yaks (D:7)
  A basilisk (D:7)
  2 steam dragons
  2 vampire mosquitoes (D:6)
  2 acid dragons
  3 water moccasins
  A swamp drake (D:8)
  5 ice beasts
  4 orc warriors
  4 sky beasts
  4 black bears
  2 ogres
  2 centaurs (D:7)
  2 phantoms
  An elf zombie (Ossuary)
  3 necrophages
  4 bullfrogs
  3 scorpions
  A wyvern zombie (D:5)
  4 wights
  2 killer bees (D:7)
  6 howler monkeys
  3 hounds
  3 bullfrog zombies (D:5)
  A centaur zombie (Ossuary)
  2 orc priests
  Crazy Yiuf (D:7)
  Ijyb (D:4)
  3 gnoll boudas
  2 jellies
  Jessica (D:3)
  4 iguanas
  9 orc wizards
  A hound zombie (D:5)
  2 mummies (Ossuary)
  9 gnolls
  7 adders
  3 shadow imps (D:8)
  6 white imps
  2 ufetubi
  3 adder zombies (Ossuary)
  3 worms
  5 dart slugs
  46 orcs
  5 ball pythons
  4 bats
  7 endoplasms
  A giant cockroach (D:3)
  8 goblins
  7 hobgoblins
  10 jackals
  6 kobolds
  6 quokkas
  3 frilled lizards
  A goblin zombie (Ossuary)
  10 hobgoblin zombies (Ossuary)
  2 jackal zombies (Ossuary)
  8 kobold zombies (Ossuary)
  8 orc zombies (Ossuary)
  3 rats
  2 rat zombies (Ossuary)
281 creatures vanquished.

Vanquished Creatures (collateral kills)
  A wyvern (D:8)
  A white imp (D:7)
  An orc (D:8)
3 creatures vanquished.

Vanquished Creatures (others)
  2 demonic plants (D:8)
2 creatures vanquished.

Grand Total: 286 creatures vanquished

Notes
Turn   | Place    | Note
-------+----------+-------------------------------------------
     0 | D:1      | Ashen the Demonspawn Ice Elementalist began the quest for
                  | the Orb.
     0 | D:1      | Reached XP level 1. HP: 13/13 MP: 3/3
   329 | D:1      | Gained mutation: You are surrounded by a mild repulsion
                  | field. (EV +2) [demonic ancestry]
   329 | D:1      | Reached XP level 2. HP: 20/20 MP: 3/5
   819 | D:1      | Reached skill level 1 in Fighting
   987 | D:1      | Gained mutation: You have sharp fingernails. [demonic
                  | ancestry]
   987 | D:1      | Reached XP level 3. HP: 26/26 MP: 4/6
  1030 | D:1      | Found a faded altar of an unknown god.
  1544 | D:2      | Found a snail-covered altar of Cheibriados.
  2177 | D:3      | Gained mutation: A weak demonic guardian rushes to your
                  | aid. [demonic ancestry]
  2177 | D:3      | Reached XP level 4. HP: 18/32 MP: 1/7
  2892 | D:3      | Learned a level 3 spell: Frozen Ramparts
  2896 | D:3      | Learned a level 3 spell: Ozocubu's Armour
  2897 | D:3      | Found a shimmering altar of Xom.
  2898 | D:3      | Found a shimmering altar of Xom.
  2924 | D:3      | Found a shimmering altar of Xom.
  2925 | D:3      | Found a shimmering altar of Xom.
  2925 | D:3      | Noticed Jessica
  2942 | D:3      | Killed Jessica
  3161 | D:3      | Reached XP level 5. HP: 33/38 MP: 4/9
  3523 | D:3      | Identified the +8 mace of True Grit {protect, rN+ Will-
                  | Int+6}
  3765 | D:3      | Noticed a sky beast
  3772 | D:3      | Killed a sky beast
  3773 | D:3      | Gained mutation: A demonic guardian rushes to your aid.
                  | [demonic ancestry]
  3773 | D:3      | Reached XP level 6. HP: 46/46 MP: 3/10
  4025 | D:4      | Found Bedd's Armour Shoppe.
  4026 | D:4      | Found Soluan's Book Boutique.
  4034 | D:4      | Bought a +0 helmet of see invisible for 126 gold pieces
  4429 | D:4      | Noticed Ijyb
  4434 | D:4      | Noticed an acid dragon
  4441 | D:4      | Killed Ijyb
  4443 | D:4      | Killed an acid dragon
  4444 | D:4      | Reached XP level 7. HP: 52/52 MP: 3/12
  5033 | D:4      | Found an iron altar of Okawaru.
  5677 | D:5      | Entered Level 5 of the Dungeon
  5695 | D:5      | Reached skill level 5 in Ice Magic
  6038 | D:5      | Gained mutation: You are surrounded by a moderate repulsion
                  | field. (EV +3) [demonic ancestry]
  6038 | D:5      | Reached XP level 8. HP: 54/60 MP: 14/14
  6059 | D:5      | Found a basalt altar of Yredelemnul.
  6062 | D:5      | Noticed Sigmund
  6081 | D:5      | Killed Sigmund
  6333 | D:5      | Reached skill level 5 in Stealth
  6376 | D:5      | Found a staircase to the Ecumenical Temple.
  6488 | Temple   | Entered the Ecumenical Temple
  6488 | Temple   | Found a transporter.
  6488 | Temple   | Found a transporter.
  6490 | Temple   | Found a transporter.
  6490 | Temple   | Found a transporter.
  6513 | Temple   | Became a worshipper of Vehumet
  6756 | D:6      | Found a burning altar of Makhleb.
  6823 | D:6      | Reached skill level 5 in Spellcasting
  6864 | D:6      | Found Zhao Yu's Dragon-Slaying Spoils.
  6903 | D:6      | Reached skill level 5 in Fighting
  6903 | D:6      | Reached skill level 5 in Dodging
  6940 | D:6      | Found a sand-covered staircase.
  6945 | Ossuary  | Entered an ossuary
  7110 | Ossuary  | Reached * piety under Vehumet
  7110 | Ossuary  | Offered knowledge of Foxfire by Vehumet.
  7116 | Ossuary  | Learned a level 4 spell: Hailstorm
  7175 | Ossuary  | Gained mutation: You have very sharp fingernails. [demonic
                  | ancestry]
  7175 | Ossuary  | Reached XP level 9. HP: 68/68 MP: 12/16
  7294 | D:6      | Offered knowledge of Scorch by Vehumet.
  7294 | D:6      | Reached ** piety under Vehumet
  8587 | D:7      | Found a bloodstained altar of Trog.
  8723 | D:7      | Found an iron altar of Okawaru.
  8724 | D:7      | Noticed an unseen horror
  8730 | D:7      | Killed an unseen horror
  8731 | D:7      | Reached XP level 10. HP: 69/77 MP: 13/19
  8740 | D:7      | Offered knowledge of Conjure Flame by Vehumet.
  8760 | D:7      | Learned a level 5 spell: Freezing Cloud
  8767 | D:7      | Learned a level 6 spell: Simulacrum
  8833 | D:7      | Reached *** piety under Vehumet
  9086 | D:7      | Offered knowledge of Olgreb's Toxic Radiance by Vehumet.
  9589 | D:7      | Found a runed translucent door.
  9590 | D:7      | Noticed Crazy Yiuf
  9596 | D:7      | Killed Crazy Yiuf
  9925 | D:8      | Reached **** piety under Vehumet
  9943 | D:8      | Offered knowledge of Lee's Rapid Deconstruction by Vehumet.
 10067 | D:8      | Found a hide-covered altar of Uskayaw.
 10067 | D:8      | Found an ornate altar of the Wu Jian Council.
 10067 | D:8      | Found a hazy altar of Hepliaklqana.
 10190 | D:8      | Reached skill level 1 in Necromancy
 10190 | D:8      | Gained mutation: A meltable shield of frost defends you.
                  | (SH +4) [demonic ancestry]
 10190 | D:8      | Reached XP level 11. HP: 66/86 MP: 16/22
 10291 | D:8      | Reached skill level 1 in Conjurations
 10409 | D:8      | Found a staircase to the Lair.
 10904 | D:$      | Got out of the dungeon alive.

Illustrated notes

Levels and vault maps discovered:
D:1:      ncdulo_watergridlock, layout_basic, ebering_ecumenical_altar_webs
D:2:      layout_basic, basic_altar
D:3:      layout_loops_ring, xom_redecorated,
          mainiacjoe_overflow_small_starburst, nicolae_tso_carved_into_rock,
          minivault_5, grunt_ministairs_6, roderic_serpentine_path, uniq_jessica
D:4:      layout_layer_cave, kennysheep_mini, nicolae_wooded_promenade,
          uniq_ijyb
D:5:      layout_rooms, nicolae_yredelemnul_corpse_copse,
          minmay_temple_entry_enclosed_plants, uniq_sigmund
D:6:      layout_cave_pods, mainiacjoe_overflow_six_doors_small,
          enter_ossuary_2, grunt_decor_fettered, nicolae_shop_dragon_depot,
          minivault_4
D:7:      minmay_the_grid_octo_tiled_squarecenter [minmay_the_grid_octo_chip,
          minmay_the_grid_octo_focus, minmay_the_grid_octo_checkerflower,
          minmay_the_grid_octo_vomiting_pacman,
          minmay_the_grid_square_5x5_megaprize_diamond,
          minmay_the_grid_square_5x5_half_checkered,
          minmay_the_grid_square_5x5_lines, minmay_the_grid_square_5x5_v,
          minmay_the_grid_square_5x5_shrine1], layout_loops_ring,
          kennysheep_mini_moat, uniq_crazy_yiuf_cottage
D:8:      layout_rooms, gammafunk_temple_overflow_claw, erik_lair_dragon,
          serial_demonic, serial_demonic_g, serial_demonic_f, serial_demonic_e,
          serial_demonic_a, st_stairs_7
Temple:   hellmonk_temple_divided_pantheon

Skill      XL: |  1  2  3  4  5  6  7  8  9 10 11 |
---------------+----------------------------------+-----
Stealth        | 2 3 4 5 |  5.0
Dodging        | 2 3 4 5 6 7 |  7.8
Fighting       | 1 2 3 5 6 8 |  8.2
Ice Magic      | 4 5 6 7 8 |  8.5
Spellcasting   | 3 4 5 6 7 |  7.9
Necromancy     | 1 |  1.8
Conjurations   | 1 |  1.5

Action                   |  1- 3 |  4- 6 |  7- 9 | 10-12 || total
-------------------------+-------+-------+-------+-------++-------
Melee: Unarmed           |    30 |    21 |    10 |       ||    61
       Punch             |     1 |     1 |     8 |     1 ||    11
       Mace              |       |    36 |   261 |   123 ||   420
 Cast: Freeze            |    68 |    42 |    28 |    36 ||   174
       Frozen Ramparts   |       |     6 |    22 |    19 ||    47
       Ozocubu's Armour  |       |     4 |    25 |    16 ||    45
       Hailstorm         |       |       |     1 |       ||     1
  Use: Scroll            |       |       |     8 |    11 ||    19
       Potion            |       |       |     1 |       ||     1
 Stab: Sleeping          |     5 |     3 |     9 |     5 ||    22
Armor: Robe              |    12 |     9 |    78 |       ||    99
       Skin              |       |    12 |     7 |       ||    19
       Steam dragon scal |       |       |     9 |    52 ||    61
Dodge: Dodged            |    73 |    75 |   377 |   189 ||   714
Block: Other             |       |       |       |     5 ||     5
